 Dungeon Crawl Stone Soup version 0.29.1-12-g30fa7ad0bf (webtiles) character file.

Game seed: 14045924199417120324

11 hawla the Chiller (level 2, 0/22 HPs)
             Began as a Meteoran Ice Elementalist on Dec 15, 2022.
             Slain by a bat (1 damage)
             ... on level 3 of the Dungeon.
             The game lasted 00:01:31 (231 turns).

hawla the Chiller (Meteoran Ice Elementalist)        Turns: 231, Time: 00:01:31

Health: 0/22       AC:  2    Str:  9    XL:     2   Next: 52%
Magic:  5/6        EV: 12    Int: 16    God:
Gold:   6          SH:  0    Dex: 14    Spells: 5/6 levels left

rFire   . . .      SeeInvis .   d - +0 short sword (venom)
rCold   . . .      Faith    .   (no shield)
rNeg    . . .      Spirit   .   a - +0 robe
rPois   .          Reflect  .   (no helmet)
rElec   .          Harm     .   (no cloak)
rCorr   .          Rampage  .   (no gloves)
Will    .....                   (no boots)
Stlth   +.........              (no amulet)
HPRegen 0.07/turn               (no ring)
MPRegen 0.10/turn               (no ring)

@: glowing
A: sense surroundings 1, otherworldly, glowing, explore regen
a: no special abilities


You were on level 3 of the Dungeon.
You visited 1 branch of the dungeon, and saw 3 of its levels.

You collected 6 gold pieces.

Inventory:

Hand Weapons
 d - a +0 short sword of venom (weapon)
Armour
 a - a +0 robe (worn)
Scrolls
 c - a scroll of identify {unknown}


   Skills:
 + Level 0.4 Fighting
 + Level 2.5 Dodging
 - Level 1.4 Stealth
 + Level 2.8 Spellcasting
 + Level 4.8 Ice Magic


You had 5 spell levels left.
You knew the following spells:

 Your Spells              Type           Power      Damage    Failure   Level
a - Freeze                Ice            68%        1d8       2%          1

Your spell library contained the following spells:

 Spells                   Type           Power      Damage    Failure   Level
 Frozen Ramparts          Ice            34%        1d6       8%          3
 Ozocubu's Armour         Ice            17%        N/A       8%          3
 Sublimation of Blood     Necr           2%         N/A       28%         2
 Wereblood                Tmut           2%         N/A       28%         2
 Hailstorm                Conj/Ice       9%         3d4       56%         4
 Summon Hydra             Summ           1%         N/A       100%        7


Dungeon Overview and Level Annotations

Branches:
Dungeon (3/15) Zot: 1568

Altars:


Innate Abilities, Weirdness & Mutations

You passively map a small area around you.
You are easily found by Zot.
You glow in the dark.
You regain HP and MP as you explore.


Message History

* * * LOW HITPOINT WARNING * * *
The bat hits you.
* * * LOW HITPOINT WARNING * * *
The vampire bat closely misses you. Magic courses through your body.
The vampire bat bites you.
* * * LOW HITPOINT WARNING * * *
The vampire bat draws strength from your injuries!
The bat hits you but does no damage. x2; The rat misses you.
The bat hits you.
* * * LOW HITPOINT WARNING * * *
The bat hits you but does no damage. x2; The bat barely misses you.
The vampire bat misses you. The bat hits you.
* * * LOW HITPOINT WARNING * * *
The bat barely misses you. x2; The bat hits you but does no damage.
The bat attacks as you move away! The bat misses you.
The bat hits you but does no damage. The bat closely misses you.
The bat hits you but does no damage. The bat attacks as you move away!
The bat closely misses you. The bat hits you but does no damage.
The bat hits you.
* * * LOW HITPOINT WARNING * * *
The bat closely misses you.
Casting: Freeze (safe; 2% risk of failure)
Confirm with . or Enter, or press ? or * to list all spells.
Aiming: Freeze (safe; 2% risk of failure)
Press: ? - help, Shift-Dir - straight line, f - bat
Aim: a bat You freeze the bat.
You kill the bat!
The vampire bat bites you but does no damage.
The bat completely misses you. The bat closely misses you.
Casting: Freeze (safe; 2% risk of failure)
Confirm with . or Enter, or press ? or * to list all spells.
Aiming: Freeze (safe; 2% risk of failure)
Press: ? - help, Shift-Dir - straight line, f - bat
Aim: a bat You freeze the bat.
The bat is severely wounded.
The bat hits you but does no damage.
The vampire bat bites you but does no damage.
The bat hits you.
You die...

* #........(......
##....b........
##########........#####
#..............####
#.........##.### *
#...[....###...## ,
#.......###...^.## ,
#......b##.......# *
#.....@.###†b...## ,
#.....rb.###.†.## ,*
#.....b[..####.# ,
#..............# * ,
#.............##
***#.............#
...............#
,...............# ,,
...###...######


You could see a vampire bat, 2 bats and a rat.

Vanquished Creatures
  An endoplasm (D:1)
  2 quokkas
  6 bats (D:3)
  A kobold (D:3)
  2 rats (D:2)
12 creatures vanquished.

Notes
Turn   | Place    | Note
-------+----------+-------------------------------------------
     0 | D:1      | hawla the Meteoran Ice Elementalist began the quest for the
                  | Orb.
     0 | D:1      | Reached XP level 1. HP: 14/14 MP: 5/5
   189 | D:3      | Reached XP level 2. HP: 20/20 MP: 4/6
   199 | D:3      | Noticed a vampire bat
   225 | D:3      | HP: 1/22 [bat (1)]
   231 | D:3      | Slain by a bat

Illustrated notes

Levels and vault maps discovered:
D:1:      sevenhm_arrival_forest_fort_small_3, layout_basic,
          serial_bayou_pond_e, minmay_indecisive_spiral
D:2:      layout_basic, hellmonk_ecumenical_altar_heavens_door,
          amcnicky_mini_pool_small
D:3:      layout_basic, nicolae_overflow_crystal_walls, roderic_batcave,
          minmay_misc_feat_tiny, minmay_randomly_rotated_circles

Action                   || total
-------------------------++-------
Melee: Unarmed           ||     1
       Short sword       ||     9
       Punch             ||     1
 Cast: Freeze            ||    18
  Use: Potion            ||     1
Armor: Robe              ||    37
Dodge: Dodged            ||    58
